 Dungeon Crawl Stone Soup version 0.31-a0-177-g4aa6249778 (webtiles) character file.

Game seed: 7318015922881882460

198 pokeman the Magician (level 5, 0/29 HPs)
             Began as a Deep Elf Hedge Wizard on June 18, 2023.
             Slain by an orc wizard
             ... wielding a +0 dagger of flaming
              (1 damage)
             ... on level 3 of the Dungeon.
             The game lasted 00:05:52 (2871 turns).

pokeman the Magician (Deep Elf Hedge Wizard)        Turns: 2871, Time: 00:05:54

Health: 0/29       AC:  2    Str:  7    XL:     5   Next: 47%
Magic:  2/15       EV: 13    Int: 21    God:
Gold:   133        SH:  5    Dex: 14    Spells: 8/16 levels left

rFire   . . .        h - +1 whip (venom)
rCold   . . .        (no shield)
rNeg    . . .        b - +0 robe
rPois   .            c - +0 hat
rElec   .            (no cloak)
rCorr   .            (no gloves)
SInv    .            (no boots)
Will    .....        p - amulet of reflection
Stlth   ++           (no ring)
HPRegen 0.24/turn    (no ring)
MPRegen 0.14/turn

%: reflection
@: very slightly contaminated
A: no striking features
a: no special abilities


You were on level 3 of the Dungeon.
You visited 1 branch of the dungeon, and saw 3 of its levels.

You collected 133 gold pieces.

Inventory:

Hand Weapons
 h - a +1 whip of venom (weapon)
Missiles
 o - a throwing net
Armour
 b - a +0 robe (worn)
 c - a +0 hat (worn)
Jewellery
 i - a ring of ice
 l - a ring of ice
 p - an amulet of reflection (around neck)
Wands
 r - a wand of flame (31)
Scrolls
 e - a scroll of blinking {unknown}
 f - 2 scrolls of identify {unknown}
 j - 2 scrolls of fog {unknown}
 k - 2 scrolls of fear {unknown}
 n - a scroll of acquirement {unknown}
Potions
 a - 2 potions of might {unknown}
 d - a potion of magic
 g - 2 potions of degeneration {unknown}
 m - a potion of brilliance
 q - a potion of ambrosia {unknown}


   Skills:
 - Level 1.0 Fighting
 - Level 1.0 Armour
 - Level 3.0 Dodging
 - Level 3.1 Stealth
 * Level 6.3 Spellcasting
 + Level 2.7 Conjurations
 - Level 1.1 Summonings
 - Level 1.1 Translocations
 + Level 0.7 Air Magic
 + Level 0.6 Poison Magic


You had 8 spell levels left.
You knew the following spells:

 Your Spells              Type           Power      Damage    Failure   Level
a - Magic Dart            Conj           72%        1d6       3%          1
b - Mephitic Cloud        Conj/Pois/Air  12%        N/A       16%         3
c - Call Imp              Summ           22%        N/A       9%          2
d - Blink                 Tloc           22%        N/A       9%          2

Your spell library contained the following spells:

 Spells                   Type           Power      Damage    Failure   Level
 Slow                     Hex            24%        N/A       10%         1
 Cigotuvi's Dreadful Rot  Necr/Pois/Air  16%        N/A       12%         2
 Ensorcelled Hibernation  Hex/Ice        12%        N/A       14%         2
 Passwall                 Tmut/Erth      5%         N/A       14%         2
 Sublimation of Blood     Necr           6%         N/A       14%         2
 Wereblood                Tmut           6%         N/A       14%         2
 Call Canine Familiar     Summ           11%        N/A       19%         3
 Swiftness                Air            9%         N/A       21%         3
 Portal Projectile        Hex/Tloc       16%        N/A       22%         3
 Leda's Liquefaction      Hex/Erth       3%         N/A       67%         4
 Summon Hydra             Summ           5%         N/A       100%        7


Dungeon Overview and Level Annotations

Branches:
Dungeon (3/15)

Altars:


Message History

The orc is almost dead.
The orc wizard casts a spell at you.
You are confused.
Unknown command.
The orc wizard gestures at you while chanting.
The puff of flame hits you! The orc barely misses you.
You bump into the rock wall.
The orc barely misses you.
You feel less confused.
The orc wizard hits you with a +0 dagger of flaming.
The orc wizard burns you.
Casting: Magic Dart (safe; 3% risk of failure)
Confirm with . or Enter, or press ? or * to list all spells.
The spell is quite dangerous to miscast (16% risk of failure)!
Continue anyway?
Aiming: Mephitic Cloud (quite dangerous; 16% risk of failure)
Press: ? - help, Shift-Dir - straight line, f - orc wizard, p - orc
Aim: an orc wizard, wielding a +0 dagger of flaming and wearing a +0 robe (lightly wounded, chance to affect: 86%) That beam is likely to hit you.
Continue anyway?
You miscast Mephitic Cloud.
Energy rips through your body.
* * * LOW HITPOINT WARNING * * *
The orc wizard misses you. You block the orc's attack.
Unknown command.
The orc wizard attacks as you move away!
The orc wizard barely misses you. The orc attacks as you move away!
The orc barely misses you.
The orc wizard hits you but does no damage.
The orc wizard mumbles some strange words.
The orc wizard flickers and vanishes!
Deactivating autopickup; reactivate with Ctrl-A.
You hit the orc but do no damage.
The orc is poisoned.
The orc is almost dead.
You kill the orc!
You hit something. Something hits you but does no damage.
You barely miss something.
You hear some strange, mumbled words.
A magic dart appears from out of thin air!
The magic dart hits you!
* * * LOW HITPOINT WARNING * * *
Something hits you.
You die...

#.......# ################
#.......# #...............
#.......# #...............
#.......###...............
#........##.......######## .
#........##.......# #..... .
#.#.................###....# ..
.'.................#.....†# †..
#.......{@.......##....... ....
#.......##.)..........#<..
.....####.............##...#...
.............................>.
#.....)..#####....#.###.#.....
#....###.# ###.##.#†# #.##....
..... #.###...#..#.###....#..
.... #......)...#......#.'..
... #..........#........#..


There were no monsters in sight!

Vanquished Creatures
  An orc priest (D:2)
  Jessica (D:2)
  An orc wizard (D:2)
  Terence (D:3)
  3 adders
  2 worms (D:2)
  2 dart slugs
  6 orcs
  3 bats
  3 endoplasms
  2 giant cockroaches (D:1)
  6 goblins
  4 hobgoblins
  2 jackals
  3 kobolds
  3 quokkas
  6 ball pythons
  2 frilled lizards
  5 rats
56 creatures vanquished.

Notes
Turn   | Place    | Note
-------+----------+-------------------------------------------
     0 | D:1      | pokeman the Deep Elf Hedge Wizard began the quest for the
                  | Orb.
     0 | D:1      | Reached XP level 1. HP: 10/10 MP: 7/7
   304 | D:1      | Reached XP level 2. HP: 6/16 MP: 1/9
   874 | D:1      | Reached skill level 5 in Spellcasting
  1345 | D:2      | Reached XP level 3. HP: 20/20 MP: 7/11
  1349 | D:2      | Learned a level 3 spell: Mephitic Cloud
  1352 | D:2      | Learned a level 2 spell: Call Imp
  1355 | D:2      | Learned a level 2 spell: Blink
  1712 | D:2      | Noticed Jessica
  1721 | D:2      | Reached skill level 1 in Armour
  1724 | D:2      | Reached skill level 1 in Fighting
  1728 | D:2      | Killed Jessica
  1729 | D:2      | Reached XP level 4. HP: 14/25 MP: 2/13
  1821 | D:2      | Got Jessica's Directory of Iniquitous Mysteries
  2299 | D:2      | Reached skill level 6 in Spellcasting
  2299 | D:2      | Reached XP level 5. HP: 27/29 MP: 11/15
  2792 | D:3      | Noticed Terence
  2818 | D:3      | Killed Terence
  2871 | D:3      | HP: 1/29 [something/magic dart (7)]
  2871 | D:3      | Slain by an orc wizard

Illustrated notes

Levels and vault maps discovered:
D:1:      elethiomel_arrival_shortcut, layout_basic
D:2:      cheibrodos_pilgrimage, layout_rooms, kennysheep_jessica_study
D:3:      layout_basic, uniq_terence

Skill      XL: |  1  2  3  4 |
---------------+-------------+-----
Spellcasting   | 5 6 |  6.3
Armour         | 1 |  1.0
Fighting       | 1 |  1.0
Conjurations   | 2 |  2.7
Dodging        | 3 |  3.0
Stealth        | 3 |  3.1
Summonings     | |  1.1
Translocations | |  1.1
Air Magic      | |  0.7
Poison Magic   | |  0.6

Action                     |  1- 3 |  4- 6 || total
---------------------------+-------+-------++-------
  Melee: Whip              |     5 |    22 ||    27
         Punch             |     1 |       ||     1
   Cast: Magic Dart        |   108 |    55 ||   163
         Mephitic Cloud    |       |     4 ||     4
   Stab: Confused          |       |     3 ||     3
 Armour: Robe              |     2 |     4 ||     6
  Dodge: Dodged            |    19 |    17 ||    36
  Block: Other             |       |     2 ||     2

Table legend: (Time is in decaauts)
 A = Elapsed time spent in this place.
 B = Non-inter-level travel time spent in this place.
 C = Inter-level travel time spent in this place.
 D = Time resting spent in this place.
 E = Time spent auto-exploring this place.
 F = Levels seen in this place.
 G = Mean time per level.
                   A        B        C        D        E       F      G
               +--------+--------+--------+--------+--------+-----+--------+
         Total |   2874 |   2821 |     53 |    188 |   2192 |   3 |  958.0 |
       Dungeon |   2874 |   2821 |     53 |    188 |   2192 |   3 |  958.0 |
               +--------+--------+--------+--------+--------+-----+--------+

Top non-repeatable levels by time:
     D:1: 1414 daAuts
     D:2: 1079 daAuts
     D:3: 380 daAuts
